 Dungeon Crawl Stone Soup version 0.27-a0-1200-g94dc6ad4cf (webtiles) character file.

Game seed: 473581697122653764

238 Gargoyl the Skirmisher (level 6, -3/53 HPs)
             Began as a Gnoll Abyssal Knight on May 30, 2021.
             Was a Believer of Lugonu.
             Engulfed by a steam dragon's steam (4 damage)
             ... on level 3 of the Dungeon.
             The game lasted 00:04:47 (4276 turns).

Gargoyl the Skirmisher (Gnoll Abyssal Knight)       Turns: 4276, Time: 00:04:48

Health: -3/53      AC: 10    Str: 13    XL:     6   Next: 7%
Magic:  9/9        EV: 10    Int: 12    God:    Lugonu [**....]
Gold:   198        SH:  0    Dex: 11    Spells: 8/8 levels left

rFire    . . .     SeeInvis .   a - +1 hand axe
rCold    . . .     Faith    .   (no shield)
rNeg     . . .     Spirit   .   c - +0 scale mail
rPois    +         Reflect  .   b - +0 helmet
rElec    .         Harm     .   (no cloak)
rCorr    .         Rampage  .   (no gloves)
Will     .....                  d - +1 pair of boots
Stlth    ..........             j - amulet of magic regeneration
HPRegen  0.17/turn              g - ring of poison resistance
MPRegen  0.36/turn              (no ring)

@: brilliant
A: fangs 1, strong nose, distributed training
a: Renounce Religion, Depart the Abyss, Bend Space


You were on level 3 of the Dungeon.
You worshipped Lugonu.
Lugonu was pleased with you.
You visited 1 branch of the dungeon, and saw 4 of its levels.
You visited the Abyss 1 time.

You collected 198 gold pieces.

Inventory:

Hand Weapons
 a - a +1 hand axe (weapon)
Missiles
 i - 21 poisoned darts (quivered)
Armour
 b - a +0 helmet (worn)
 c - a +0 scale mail (worn)
 d - a +1 pair of boots (worn)
Jewellery
 g - a ring of poison resistance (left hand)
 j - an amulet of magic regeneration (around neck)
Scrolls
 h - 2 scrolls of identify


   Skills:
 + Level 6.8 Fighting
 + Level 1.8 Short Blades
 + Level 1.8 Long Blades
 + Level 4.9 Axes
 + Level 1.8 Maces & Flails
 + Level 1.8 Polearms
 + Level 1.8 Staves
 + Level 1.8 Slings
 + Level 1.8 Bows
 + Level 1.8 Crossbows
 + Level 1.8 Throwing
 + Level 4.9 Armour
 + Level 3.1 Dodging
 + Level 1.8 Stealth
 + Level 1.8 Shields
 + Level 1.8 Unarmed Combat
 + Level 1.8 Spellcasting
 + Level 1.4 Conjurations
 + Level 1.4 Hexes
 + Level 1.4 Summonings
 + Level 1.4 Necromancy
 + Level 1.4 Translocations
 + Level 1.4 Transmutations
 + Level 1.4 Fire Magic
 + Level 1.4 Ice Magic
 + Level 1.4 Air Magic
 + Level 1.4 Earth Magic
 + Level 1.4 Poison Magic
 + Level 5.0 Invocations
 + Level 1.8 Evocations


You had 8 spell levels left.
You didn't know any spells.
Your spell library was empty.

Dungeon Overview and Level Annotations

Branches:
Dungeon (4/15)
 Temple: D:4-7

Altars:


Innate Abilities, Weirdness & Mutations

You have very sharp teeth.
Your uncanny sense of smell can sniff out nearby items.
Your experience applies equally to all skills.


Message History

The steam dragon is heavily wounded.
The steam dragon breathes steam at you. The ball of steam hits you!
* * * LOW HITPOINT WARNING * * *
You feel much better.
You are engulfed in a cloud of scalding steam.
The steam dragon barely misses you.
The steam dragon claws you but does no damage.
You barely miss the steam dragon.
The steam dragon is heavily wounded.
You are engulfed in a cloud of scalding steam.
The steam dragon bites you but does no damage.
The steam dragon closely misses you.
You barely miss the steam dragon.
The steam dragon is heavily wounded.
The steam dragon bites you!
* * * LOW HITPOINT WARNING * * *
The steam dragon claws you but does no damage.
You closely miss the steam dragon.
The steam dragon is heavily wounded.
The steam dragon bites you but does no damage.
The steam dragon claws you but does no damage.
You hit the steam dragon.
The steam dragon is severely wounded.
The steam dragon bites you.
* * * LOW HITPOINT WARNING * * *
The steam dragon closely misses you.
You hit the steam dragon.
The steam dragon is severely wounded.
The steam dragon breathes steam at you. The ball of steam hits you!
* * * LOW HITPOINT WARNING * * *
You barely miss the steam dragon.
The steam dragon is severely wounded.
You are engulfed in a cloud of scalding steam.
The steam dragon barely misses you. The steam dragon misses you.
Your scale mail prevents you from hitting the steam dragon.
The steam dragon is severely wounded.
You are engulfed in a cloud of scalding steam.
You die...

##
#######.##..###.###.#######
.######..............##
##.##
#.##....#####.#...#.##
##.##### ##.#.##.#
#.#.<...# #...... ........#
#.#..##.## ##.#####
##.#.#..# #.##.....## ##.##
# #.##.#.<#
##.##§##.#.###.## #
.###.#..# #..##§§§.##.....#
### ##
#.#..####.###@§..######.#
#.. #.#..##.....#D...# #.#
#.# ####.#..##.#.#.#.#..#
#.# #.#
.................#..# #.#
#.# ####.#..##.#.#.#.#..#
#.# #.# #..#..............#
#.####.#
#.##.###..........#
#....... #.#..#
#(#.#####..# #.####..
#.#.## #.#.# #..# #.####..


You could see a steam dragon (catching breath).

Vanquished Creatures
  2 wights
  A hound skeleton (D:3)
  4 gnolls (D:2)
  3 adders
  A white imp (Abyss:1)
  A worm (D:3)
  A dart slug (D:3)
  5 orcs
  5 ball pythons
  5 bats
  7 endoplasms
  2 giant cockroaches
  5 goblins
  2 hobgoblins
  5 jackals
  A quokka (D:3)
  5 frilled lizards
  A jackal skeleton (D:3)
  4 kobolds
  5 rats
65 creatures vanquished.

Vanquished Creatures (others)
  2 plants (D:1)
  6 starspawn tentacles (Abyss:2)
8 creatures vanquished.

Grand Total: 73 creatures vanquished

Notes
Turn   | Place    | Note
-------+----------+-------------------------------------------
     0 | Abyss:1  | Gargoyl the Gnoll Abyssal Knight began the quest for the
                  | Orb.
     0 | Abyss:1  | Reached XP level 1. HP: 23/23 MP: 3/3
    15 | Abyss:1  | Found a corrupted altar of Lugonu.
   100 | Abyss:1  | Found a corrupted altar of Lugonu.
   112 | Abyss:1  | Found a corrupted altar of Lugonu.
   126 | Abyss:1  | Reached XP level 2. HP: 22/29 MP: 5/5
   206 | Abyss:1  | Noticed a chaos spawn
   267 | Abyss:2  | Noticed a tentacled starspawn
   278 | Abyss:2  | Noticed a bone dragon
   282 | Abyss:2  | Noticed a guardian serpent
   283 | Abyss:2  | Noticed a raiju
   284 | D:1      | Escaped the Abyss
   897 | D:1      | Reached * piety under Lugonu
  1027 | D:1      | Reached XP level 3. HP: 32/35 MP: 6/6
  1771 | D:2      | Reached skill level 1 in Short Blades
  1771 | D:2      | Reached skill level 1 in Long Blades
  1771 | D:2      | Reached skill level 1 in Maces & Flails
  1771 | D:2      | Reached skill level 1 in Polearms
  1771 | D:2      | Reached skill level 1 in Staves
  1771 | D:2      | Reached skill level 1 in Slings
  1771 | D:2      | Reached skill level 1 in Bows
  1771 | D:2      | Reached skill level 1 in Crossbows
  1771 | D:2      | Reached skill level 1 in Throwing
  1771 | D:2      | Reached skill level 1 in Stealth
  1771 | D:2      | Reached skill level 1 in Shields
  1771 | D:2      | Reached skill level 1 in Unarmed Combat
  1771 | D:2      | Reached skill level 1 in Spellcasting
  1771 | D:2      | Reached skill level 1 in Evocations
  1784 | D:2      | Reached XP level 4. HP: 14/41 MP: 7/7
  2013 | D:2      | Reached skill level 1 in Conjurations
  2013 | D:2      | Reached skill level 1 in Hexes
  2013 | D:2      | Reached skill level 1 in Summonings
  2013 | D:2      | Reached skill level 1 in Necromancy
  2013 | D:2      | Reached skill level 1 in Translocations
  2013 | D:2      | Reached skill level 1 in Transmutations
  2013 | D:2      | Reached skill level 1 in Fire Magic
  2013 | D:2      | Reached skill level 1 in Ice Magic
  2013 | D:2      | Reached skill level 1 in Air Magic
  2013 | D:2      | Reached skill level 1 in Earth Magic
  2013 | D:2      | Reached skill level 1 in Poison Magic
  2969 | D:3      | Reached ** piety under Lugonu
  3068 | D:3      | Reached XP level 5. HP: 46/47 MP: 8/8
  4011 | D:4      | Reached skill level 5 in Invocations
  4011 | D:4      | Reached XP level 6. HP: 13/53 MP: 9/9
  4011 | D:4      | Noticed a steam dragon
  4268 | D:3      | HP: 2/53 [steam dragon/ball of steam (14)]
  4274 | D:3      | HP: 1/53 [steam dragon/ball of steam (10)]
  4276 | D:3      | Engulfed by a steam dragon's steam

Illustrated notes

Levels and vault maps discovered:
D:1:      minmay_arrival_split_and_join, layout_loops_ring, st_stairs_7,
          serial_bayou_ford_a
D:2:      layout_loops_ring
D:3:      layout_loops_ring, minmay_joined_circles
D:4:      layout_rooms, minmay_temple_entry_antechambers,
          gup_sewer_entry_bubbles

Skill      XL: |  1  2  3  4  5 |
---------------+----------------+-----
Short Blades   | 1 |  1.8
Long Blades    | 1 |  1.8
Maces & Flails | 1 |  1.8
Polearms       | 1 |  1.8
Staves         | 1 |  1.8
Slings         | 1 |  1.8
Bows           | 1 |  1.8
Crossbows      | 1 |  1.8
Throwing       | 1 |  1.8
Stealth        | 1 |  1.8
Shields        | 1 |  1.8
Unarmed Combat | 1 |  1.8
Spellcasting   | 1 |  1.8
Evocations     | 1 |  1.8
Conjurations   | 1 |  1.4
Hexes          | 1 |  1.4
Summonings     | 1 |  1.4
Necromancy     | 1 |  1.4
Translocations | 1 |  1.4
Transmutations | 1 |  1.4
Fire Magic     | 1 |  1.4
Ice Magic      | 1 |  1.4
Air Magic      | 1 |  1.4
Earth Magic    | 1 |  1.4
Poison Magic   | 1 |  1.4
Dodging        | 3 |  3.1
Invocations    | 5 |  5.0
Fighting       | |  6.8
Axes           | |  4.9
Armour         | |  4.9

Action                   |  1- 3 |  4- 6 || total
-------------------------+-------+-------++-------
Melee: Hand axe          |    92 |   159 ||   251
       Bite              |    12 |     7 ||    19
Invok: Depart the Abyss  |     1 |       ||     1
  Use: Scroll            |     2 |     4 ||     6
       Potion            |       |     4 ||     4
Armor: Scale mail        |    33 |    94 ||   127
Dodge: Dodged            |    43 |    96 ||   139

Table legend: (Time is in decaauts)
 A = Elapsed time spent in this place.
 B = Non-inter-level travel time spent in this place.
 C = Inter-level travel time spent in this place.
 D = Time resting spent in this place.
 E = Time spent auto-exploring this place.
 F = Levels seen in this place.
 G = Mean time per level.
                   A        B        C        D        E       F      G
               +--------+--------+--------+--------+--------+-----+--------+
         Total |   4319 |   4231 |     88 |    606 |   2923 |   6 |  719.8 |
       Dungeon |   4035 |   3947 |     88 |    606 |   2722 |   4 | 1008.8 |
         Abyss |    284 |    284 |      0 |      0 |    201 |   2 |  142.0 |
               +--------+--------+--------+--------+--------+-----+--------+

Top non-repeatable levels by time:
     D:2: 1363 daAuts
     D:3: 1344 daAuts
     D:1: 1292 daAuts
 Abyss:1: 229 daAuts
 Abyss:2: 54 daAuts
     D:4: 34 daAuts
